 Dungeon Crawl Stone Soup version 0.18.1-48-g4cf74bf (webtiles) character file.

163 Nadrilmar the Conjurer (level 5, -1/28 HPs)
             Began as a Deep Elf Conjurer on Sept 3, 2016.
             Slain by Sigmund
             ... wielding a +0 scythe
              (8 damage)
             ... on level 3 of the Dungeon.
             The game lasted 00:13:55 (1973 turns).

Nadrilmar the Conjurer (Deep Elf Conjurer)          Turns: 1973, Time: 00:13:56

Health: -1/28      AC:  2    Str:  5    XL:     5   Next: 20%
Magic:  13/13      EV: 13    Int: 21    God:
Gold:   82         SH:  0    Dex: 15    Spells: 4 memorised, 3 levels left

rFire  . . .     SeeInvis .     e - +0 dagger
rCold  . . .     Gourm    .     a - +0 robe
rNeg   . . .     Faith    .     (no shield)
rPois  .         Spirit   .     (no helmet)
rElec  .         Dismiss  .     (no cloak)
rCorr  .         Reflect  .     (no gloves)
SustAt .         Harm     .     (no boots)
MR     .....                    (no amulet)
Stlth  ++........               (no ring)
                                (no ring)

@: not resistant to hostile enchantments, unstealthy
A: no striking features
a: no special abilities


You were on level 3 of the Dungeon.
You were not hungry.

You visited 1 branch of the dungeon, and saw 3 of its levels.

You collected 82 gold pieces.

Inventory:

Hand Weapons
 e - a +0 dagger (weapon)
Armour
 a - a +0 robe (worn)
Scrolls
 c - 2 scrolls of enchant weapon {unknown}
 h - 2 scrolls of recharging {unknown}
 j - a scroll of fear {unknown}
 l - 2 scrolls of teleportation {unknown}
 m - a scroll of noise {unknown}
 n - 2 scrolls of identify {unknown}
 p - a scroll of random uselessness {unknown}
Potions
 d - a potion of magic {unknown}
 g - a potion of haste
 i - 2 potions of curing {unknown}
 k - a potion of resistance {unknown}
Books
 b - a book of Conjurations

   Spells                             Type                      Level
   a - Magic Dart                     Conjuration                  1
   b - Searing Ray                    Conjuration                  2
   c - Dazzling Spray                 Conjuration/Hexes            3
   d - Fulminant Prism                Conjuration/Hexes            4
   e - Iskenderun's Mystic Blast      Conjuration                  4
   f - Iskenderun's Battlesphere      Conjuration/Charms           5
Comestibles
 f - a fruit
 o - a bread ration


   Skills:
 + Level 3.1 Dodging
 + Level 2.8 Stealth
 + Level 4.6 Spellcasting
 + Level 6.1 Conjurations


You had 3 spell levels left.
You knew the following spells:

 Your Spells              Type           Power        Failure   Level  Hunger
a - Magic Dart            Conj           ####         1%          1    None
b - Searing Ray           Conj           ####..       1%          2    #......
c - Dazzling Spray        Conj/Hex       ###...       12%         3    ##.....
d - Iskenderun's Mystic   Conj           ####....     12%         4    ####...


Dungeon Overview and Level Annotations

Branches:
Dungeon (3/15)

Altars:
Makhleb
Okawaru

Annotations:
D:3 Sigmund


Message History

Deactivating autopickup; reactivate with Ctrl-A.
You are confused.
You're too confused to cast spells.
There are monsters nearby!
You're too confused to cast spells.
You're too confused to cast spells.
You bump into the rock wall.
You hit the giant cockroach but do no damage.
The giant cockroach barely misses you. Something hits you!
The giant cockroach barely misses you.
You're too confused to move!
Something hits you! The giant cockroach bites you.
* * * LOW HITPOINT WARNING * * *
You feel less confused.
Press: ? - help, v - describe, . - travel The floor.
Unknown command.
Unknown command.
Unknown command.
Something hits you!
You die...

#.........#
#.#
#...(.....#
#.........#
#.()(.....#
#.........##
#..........#
#..........#
#............
#...@.....#.#
###s#######
#.# #.## #r.#
##........
#....8...
#...8.8..
#..8._.8.


You could see a quokka and a giant cockroach.

Vanquished Creatures
  The ghost of Inkary the Covered, an amateur DgFi (D:3)
  3 adders
  An ooze (D:3)
  A dart slug (D:3)
  A giant gecko (D:2)
  2 orcs (D:3)
  3 giant cockroaches
  4 goblins
  4 hobgoblins
  A jackal (D:2)
  2 kobolds
  A quokka (D:2)
  A ball python (D:1)
  10 bats
  5 giant newts
  7 rats
47 creatures vanquished.

Notes
Turn   | Place    | Note
--------------------------------------------------------------
     0 | D:1      | Nadrilmar the Deep Elf Conjurer began the quest for the Orb.
     0 | D:1      | Reached XP level 1. HP: 10/10 MP: 6/6
   350 | D:1      | Reached XP level 2. HP: 15/15 MP: 6/8
   354 | D:1      | Learned a level 2 spell: Searing Ray
   442 | D:1      | Reached skill level 5 in Conjurations
   928 | D:2      | Reached XP level 3. HP: 19/19 MP: 6/9
   933 | D:2      | Learned a level 3 spell: Dazzling Spray
  1234 | D:2      | Found a burning altar of Makhleb.
  1549 | D:2      | Found an iron altar of Okawaru.
  1603 | D:3      | Reached XP level 4. HP: 20/24 MP: 3/11
  1699 | D:3      | Noticed Inkary's ghost (amateur DgFi)
  1710 | D:3      | Killed Inkary's ghost
  1710 | D:3      | Reached skill level 6 in Conjurations
  1710 | D:3      | Reached XP level 5. HP: 26/28 MP: 0/13
  1854 | D:3      | Learned a level 4 spell: Iskenderun's Mystic Blast
  1913 | D:3      | Found a faded altar to an unknown god.
  1915 | D:3      | Noticed Sigmund
  1973 | D:3      | Slain by Sigmund

Skill      XL: |  1  2  3  4 |
---------------+-------------+-----
Conjurations   | 5 6 |  6.1
Dodging        | 3 |  3.1
Spellcasting   | 4 |  4.6
Stealth        | |  2.8

Action                   |  1- 3 |  4- 6 || total
-------------------------+-------+-------++-------
Melee: Dagger            |       |     1 ||     1
 Cast: Magic Dart        |    58 |     9 ||    67
       Searing Ray       |     5 |     5 ||    10
  Use: Scroll            |     2 |       ||     2
  Eat: Bread ration      |     1 |       ||     1
Armor: Robe              |     1 |     2 ||     3
Dodge: Dodged            |     7 |     7 ||    14
